PITTSBURGH vs OTTAWA

Created - May 4, 2021 at 10:54

Goals
1 2 3 T
PITTSBURGH 2 0 3 5
OTTAWA 0 1 1 2
Shots
1 2 3 T
PITTSBURGH 6 9 8 23
OTTAWA 11 10 6 27

1st period

1. PITTSBURGH , Henrik Borgstrom 2 (Cale Makar 17) at 1:50
2. PITTSBURGH , Kris Russell 5 (Henrik Borgstrom 1) at 2:05

Penalties :
Mark Borowiecki (OTT) for Holding (Minor) at 4:19, Oskar Sundqvist (OTT) for Cross-checking (Minor) at 17:36

2nd period

3. OTTAWA , Yanni Gourde 21 (Garnet Hathaway 8, Jordan Eberle 26) at 0:08

Penalties :
Mirco Mueller (OTT) for Holding (Minor) at 1:23, Mark Borowiecki (OTT) for Hooking (Minor) at 5:42, Brandon Tanev (PIT) for Slashing (Minor) at 8:43, Danny DeKeyser (PIT) for Holding (Minor) at 14:23

3rd period

4. PITTSBURGH , Jack Eichel 31 (Danny DeKeyser 8) at 10:46
5. PITTSBURGH , Jack Eichel 32 (Andrei Svechnikov 26, Brandon Tanev 16) at 11:09
6. OTTAWA , Kyle Okposo 10 (Marcus Johansson 11, Mirco Mueller 4) at 18:32
7. PITTSBURGH , Brandon Tanev 15 (Jack Eichel 39, Nick Jensen 11) at 19:37

Penalties :
Marcus Sorensen (PIT) for Tripping (Minor) at 1:42

Goalie Stats

Philipp Grubauer (PIT), 25 saves from 27 shots - (0.926), W, 14-20-7, 60:00 minutes
Laurent Brossoit (OTT), 18 saves from 23 shots - (0.783), L, 8-11-1, 60:00 minutes

Players Stats for PITTSBURGH

Player Name              G  A  P  +/- PIM S  H  SB GA TA FO     MP     PP MP  PK MP  
------------------------------------------------------------------------------------
Andrei Svechnikov        0  1  1   1  0   2  1  0  0  0  2/3    20:33   4:01   2:38 
Brandon Tanev            1  1  2   1  2   1  5  0  0  0  1/1    19:05   4:01   1:11 
Brett Howden             0  0  0   0  0   0  0  0  0  0  8/13   13:14   0:22   0:50 
Brian Boyle              0  0  0   2  0   0  1  0  0  0  2/2     8:36   0:00   0:34 
Cale Makar               0  1  1   1  0   2  1  2  0  0  0/0    23:55   4:35   3:34 
Danny DeKeyser           0  1  1   0  2   0  2  0  0  0  0/0    16:04   0:22   0:00 
Henrik Borgstrom         1  1  2   2  0   1  0  0  0  0  3/5     8:02   0:00   0:00 
Jack Eichel              2  1  3   1  0   5  0  0  0  0  10/24  21:09   4:23   2:52 
Jamie Oleksiak           0  0  0   2  0   3  5  0  0  0  0/0    20:10   3:21   2:11 
Jonas Siegenthaler       0  0  0   0  0   0  0  0  0  0  0/0    17:04   0:00   0:22 
Jordan Greenway          0  0  0   0  0   1  3  0  0  0  2/3    17:24   3:33   1:42 
Kris Russell             1  0  1   1  0   2  1  0  0  0  0/0    22:24   4:13   3:24 
Marcus Sorensen          0  0  0   0  2   1  1  0  0  0  0/0    12:23   0:22   0:00 
Nick Jensen              0  1  1   2  0   3  0  0  0  0  0/0    20:22   3:21   2:23 
Pierre Engvall           0  0  0   0  0   0  0  0  0  0  1/3    14:09   0:00   2:07 
Robert Thomas            0  0  0   0  0   1  0  0  0  0  9/19   15:42   3:33   0:00 
Sam Gagner               0  0  0   0  0   0  0  0  0  0  1/1    15:42   3:33   0:00 
Troy Terry               0  0  0   2  0   1  0  0  0  0  0/0     8:02   0:00   0:00 

Players Stats for OTTAWA

Player Name              G  A  P  +/- PIM S  H  SB GA TA FO     MP     PP MP  PK MP  
------------------------------------------------------------------------------------
Andreas Johnsson         0  0  0  -1  0   4  0  0  0  0  0/1    15:48   2:18   0:00 
Conor Garland            0  0  0  -1  0   2  0  0  0  0  0/0    13:30   0:00   0:00 
Dmitry Kulikov           0  0  0  -2  0   0  3  2  0  0  0/0    15:26   0:00   2:51 
Garnet Hathaway          0  1  1  -1  0   2  2  0  0  0  14/25  17:39   0:00   3:13 
Jordan Eberle            0  1  1  -1  0   3  0  0  0  0  3/4    22:06   3:39   4:01 
Jujhar Khaira            0  0  0   0  0   1  2  0  0  0  2/3     8:39   0:00   1:29 
Kyle Okposo              1  0  1  -1  0   2  1  0  0  0  0/0    14:25   2:18   1:06 
Marcus Johansson         0  1  1  -1  0   1  0  0  0  0  6/14   14:40   3:39   0:00 
Mark Borowiecki          0  0  0   0  4   0  5  1  0  0  0/0    22:59   3:39   1:50 
Michael Raffl            0  0  0  -1  0   0  1  0  0  0  1/1    11:01   0:00   0:00 
Michael Rasmussen        0  0  0   0  0   2  1  0  0  0  2/8     7:10   0:00   0:00 
Michal Kempny            0  0  0  -2  0   1  1  2  0  0  0/0    19:56   3:39   3:54 
Mirco Mueller            0  1  1  -1  2   0  1  0  0  0  0/0    18:31   0:00   3:06 
Nikita Gusev             0  0  0   0  0   2  0  0  0  0  4/5    10:24   0:00   3:14 
Oskar Sundqvist          0  0  0  -1  2   2  1  0  0  0  3/13   15:47   2:18   0:00 
Ryan Suter               0  0  0   0  0   3  0  1  0  0  0/0    24:20   2:18   3:32 
Vince Dunn               0  0  0  -1  0   0  0  1  0  0  0/0    18:45   2:18   0:39 
Yanni Gourde             1  0  1  -1  0   2  0  0  0  0  0/0    20:54   3:39   2:49 

3 Stars

1 - Jack Eichel (PIT)
2 - Henrik Borgstrom (PIT)
3 - Brandon Tanev (PIT)

Power Play

PITTSBURGH - 0 on 4 Attempt(s) - 0.00%
OTTAWA - 0 on 3 Attempt(s) - 0.00%

Penalty Kill

PITTSBURGH - 3 on 3 Attempt(s) - 100.00% - Score 0 goal in Penalty Kill
OTTAWA - 4 on 4 Attempt(s) - 100.00% - Score 0 goal in Penalty Kill

Team Stat

PITTSBURGH - Hits : 20 - Faceoff Wins : 39 - Blocked Shots : 2 - Penalty Minutes : 6
OTTAWA - Hits : 18 - Faceoff Wins : 35 - Blocked Shots : 7 - Penalty Minutes : 8

Official

Referees : Eric Furlatt and Frankie Nosic
Linesman : Jason Gargac and Greg Devorski

Game Notes

No Game Note

Finance

Level 1 -- Attendance: 4542 (75.70%) -- Ticket Income $454,200
Level 2 -- Attendance: 3809 (76.18%) -- Ticket Income $228,540
Level 3 -- Attendance: 1808 (90.40%) -- Ticket Income $63,280
Level 4 -- Attendance: 3820 (95.50%) -- Ticket Income $76,400
Luxury Box -- Attendance: 690 (69.00%) -- Ticket Income $138,000
Game was played at the Canadian Tire Center.
Total Attendance: 14669 (81.49%)
Total Ticket Income: $960,420
Total Income: $960,420

PITTSBURGH

5 vs 5 Forward 
   Center                   Left Wing                Right Wing               Time % Phy DF OF 
 1 Jack Eichel              Andrei Svechnikov        Brandon Tanev            35     1   3  1  
 2 Robert Thomas            Jordan Greenway          Sam Gagner               30     1   3  1  
 3 Brett Howden             Pierre Engvall           Marcus Sorensen          25     1   3  1  
 4 Henrik Borgstrom         Brian Boyle              Troy Terry               10     1   3  1  

5 vs 5 Defense 
   Defense                  Defense                                           Time % Phy DF OF 
 1 Cale Makar               Kris Russell                                      35     1   1  3  
 2 Jamie Oleksiak           Nick Jensen                                       30     1   1  3  
 3 Danny DeKeyser           Jonas Siegenthaler                                25     1   1  3  
 4 Jonas Siegenthaler       Cale Makar                                        10     1   1  3  

PowerPlay Forward 
   Center                   Left Wing                Right Wing               Time % Phy DF OF 
 1 Jack Eichel              Andrei Svechnikov        Brandon Tanev            60     1   3  1  
 2 Robert Thomas            Jordan Greenway          Sam Gagner               40     1   3  1  

PowerPlay Defense
   Defense                  Defense                                           Time % Phy DF OF 
 1 Cale Makar               Kris Russell                                      60     1   3  1  
 2 Jamie Oleksiak           Nick Jensen                                       40     1   3  1  

Penalty Kill 4 Players Forward 
   Center                   Wing                     Time % Phy DF OF 
 1 Jack Eichel              Andrei Svechnikov        60     1   1  3  
 2 Brandon Tanev            Jordan Greenway          40     1   1  3  

Penalty Kill 4 Players Defense
   Defense                  Defense                  Time % Phy DF OF 
 1 Cale Makar               Kris Russell             60     1   1  3  
 2 Jamie Oleksiak           Nick Jensen              40     1   1  3  

Penalty Kill - 3 Players Forward 
   Forward                                           Time % Phy DF OF 
 1 Jack Eichel                                       60     1   2  2  
 2 Andrei Svechnikov                                 40     1   2  2  

Penalty Kill - 3 Players Defense
   Defense                  Defense                  Time % Phy DF OF 
 1 Cale Makar               Kris Russell             60     1   2  2  
 2 Jamie Oleksiak           Nick Jensen              40     1   2  2  

4 vs 4 Forward 
   Center                   Wing                     Time % Phy DF OF 
 1 Jack Eichel              Andrei Svechnikov        60     1   2  2  
 2 Brandon Tanev            Jordan Greenway          40     1   2  2  

4 vs 4 Defense
   Defense                  Defense                  Time % Phy DF OF 
 1 Cale Makar               Kris Russell             60     1   2  2  
 2 Jamie Oleksiak           Nick Jensen              40     1   2  2  

Last Minutes Offensive
   Center                   Left Wing                Right Wing               Defense                  Defense                  
   Jack Eichel              Andrei Svechnikov        Brandon Tanev            Cale Makar               Kris Russell             

Last Minutes Defensive
   Center                   Left Wing                Right Wing               Defense                  Defense                  
   Jack Eichel              Andrei Svechnikov        Brandon Tanev            Cale Makar               Kris Russell             

Goaltenders
Starting : Philipp Grubauer         
Backup : Jordan Binnington        

Extra Forwards
Normal : Jordan Greenway, Brett Howden, Pierre Engvall - PP : Jordan Greenway, Brett Howden - PK : Pierre Engvall
Extra Defensemen
Normal : Danny DeKeyser, Nick Jensen, Jonas Siegenthaler - PP : Danny DeKeyser - PK : Nick Jensen, Jonas Siegenthaler
Penalty Shots
Jack Eichel, Andrei Svechnikov, Brandon Tanev, Jordan Greenway, Robert Thomas

Scratches
Braydon Coburn (Healthy), PIT Cap Hit (Suspend), Daniel Sprong (Healthy), Jordan Oesterle (Healthy), Tim Schaller (Healthy)

OTTAWA

5 vs 5 Forward 
   Center                   Left Wing                Right Wing               Time % Phy DF OF 
 1 Garnet Hathaway          Yanni Gourde             Jordan Eberle            35     0   1  4  
 2 Oskar Sundqvist          Andreas Johnsson         Conor Garland            30     1   2  2  
 3 Marcus Johansson         Michael Raffl            Kyle Okposo              25     1   3  1  
 4 Michael Rasmussen        Jujhar Khaira            Nikita Gusev             10     2   2  1  

5 vs 5 Defense 
   Defense                  Defense                                           Time % Phy DF OF 
 1 Ryan Suter               Mark Borowiecki                                   35     1   1  3  
 2 Vince Dunn               Mirco Mueller                                     30     1   2  2  
 3 Michal Kempny            Dmitry Kulikov                                    25     1   3  1  
 4 Ryan Suter               Mark Borowiecki                                   10     2   2  1  

PowerPlay Forward 
   Center                   Left Wing                Right Wing               Time % Phy DF OF 
 1 Marcus Johansson         Yanni Gourde             Jordan Eberle            60     0   1  4  
 2 Oskar Sundqvist          Andreas Johnsson         Kyle Okposo              40     0   2  3  

PowerPlay Defense
   Defense                  Defense                                           Time % Phy DF OF 
 1 Vince Dunn               Ryan Suter                                        60     0   1  4  
 2 Mark Borowiecki          Michal Kempny                                     40     0   2  3  

Penalty Kill 4 Players Forward 
   Center                   Wing                     Time % Phy DF OF 
 1 Garnet Hathaway          Jordan Eberle            60     1   3  1  
 2 Nikita Gusev             Yanni Gourde             40     1   4  0  

Penalty Kill 4 Players Defense
   Defense                  Defense                  Time % Phy DF OF 
 1 Ryan Suter               Mirco Mueller            60     1   3  1  
 2 Mark Borowiecki          Michal Kempny            40     1   4  0  

Penalty Kill - 3 Players Forward 
   Forward                                           Time % Phy DF OF 
 1 Oskar Sundqvist                                   60     0   4  1  
 2 Garnet Hathaway                                   40     2   3  0  

Penalty Kill - 3 Players Defense
   Defense                  Defense                  Time % Phy DF OF 
 1 Ryan Suter               Mirco Mueller            60     0   4  1  
 2 Michal Kempny            Mark Borowiecki          40     2   3  0  

4 vs 4 Forward 
   Center                   Wing                     Time % Phy DF OF 
 1 Oskar Sundqvist          Yanni Gourde             60     1   2  2  
 2 Garnet Hathaway          Kyle Okposo              40     1   2  2  

4 vs 4 Defense
   Defense                  Defense                  Time % Phy DF OF 
 1 Ryan Suter               Vince Dunn               60     1   2  2  
 2 Mark Borowiecki          Michal Kempny            40     1   2  2  

Last Minutes Offensive
   Center                   Left Wing                Right Wing               Defense                  Defense                  
   Marcus Johansson         Yanni Gourde             Jordan Eberle            Ryan Suter               Vince Dunn               

Last Minutes Defensive
   Center                   Left Wing                Right Wing               Defense                  Defense                  
   Oskar Sundqvist          Yanni Gourde             Jordan Eberle            Ryan Suter               Mark Borowiecki          

Goaltenders
Starting : Laurent Brossoit         
Backup : Pekka Rinne              

Extra Forwards
Normal : Yanni Gourde, Oskar Sundqvist, Garnet Hathaway - PP : Kyle Okposo, Conor Garland - PK : Jordan Eberle
Extra Defensemen
Normal : Ryan Suter, Mirco Mueller, Mark Borowiecki - PP : Michal Kempny - PK : Dmitry Kulikov, Vince Dunn
Penalty Shots
Michael Rasmussen, Jordan Eberle, Kyle Okposo, Yanni Gourde, Conor Garland

Scratches
OTT Cap Hit (Suspend), Dominik Simon (Healthy), Joakim Nygard (Healthy), Brandon Pirri (Healthy), Greg Pateryn (Healthy)

% Time on Ice - PITTSBURGH

Lines # - Real PCT - Wanted PCT - Time Play
Normal Forward
1 - 30% - 35% - 13:54
2 - 26% - 30% - 12:09
3 - 26% - 25% - 12:02
4 - 17% - 10% - 8:02
Normal Defense
1 - 32% - 35% - 14:47
2 - 32% - 30% - 14:38
3 - 34% - 25% - 15:43
4 - 2% - 10% - 0:59
PP Forward
1 - 55% - 60% - 4:23
2 - 45% - 40% - 3:33
PP Defense
1 - 58% - 60% - 4:35
2 - 42% - 40% - 3:21
PK Forward
1 - 71% - 60% - 4:15
2 - 29% - 40% - 1:42
PK Defense
1 - 60% - 60% - 3:34
2 - 40% - 40% - 2:23
PK3 Forward
1 - 0% - 60%
2 - 0% - 40%
PK3 Defense
1 - 0% - 60%
2 - 0% - 40%
44 Forward
1 - 0% - 60%
2 - 0% - 40%
44 Defense
1 - 0% - 60%
2 - 0% - 40%
Last Minute Offensive  - 0:00
Last Minute Defensive  - 0:00
Total
Forward - 60:00
Defense - 60:00

% Time on Ice - OTTAWA

Lines # - Real PCT - Wanted PCT - Time Play
Normal Forward
1 - 31% - 35% - 14:26
2 - 29% - 30% - 13:30
3 - 24% - 25% - 11:01
4 - 16% - 10% - 7:10
Normal Defense
1 - 34% - 35% - 15:49
2 - 34% - 30% - 15:48
3 - 27% - 25% - 12:35
4 - 4% - 10% - 1:55
PP Forward
1 - 61% - 60% - 3:39
2 - 39% - 40% - 2:18
PP Defense
1 - 39% - 60% - 2:18
2 - 61% - 40% - 3:39
PK Forward
1 - 59% - 60% - 4:42
2 - 41% - 40% - 3:14
PK Defense
1 - 53% - 60% - 4:12
2 - 47% - 40% - 3:44
PK3 Forward
1 - 0% - 60%
2 - 0% - 40%
PK3 Defense
1 - 0% - 60%
2 - 0% - 40%
44 Forward
1 - 0% - 60%
2 - 0% - 40%
44 Defense
1 - 0% - 60%
2 - 0% - 40%
Last Minute Offensive  - 0:00
Last Minute Defensive  - 0:00
Total
Forward - 60:00
Defense - 60:00

Play-by-Play

1st period


0:01 of 1st period - Garnet Hathaway wins face-off versus Jack Eichel in neutral zone.
0:03 of 1st period - Ryan Suter is hit by Cale Makar and loses puck.
0:24 of 1st period - Shot by Brandon Tanev.
0:24 of 1st period - Shot Misses the Net.
0:31 of 1st period - Icing by Ryan Suter.
0:32 of 1st period - Sam Gagner wins face-off versus Garnet Hathaway in OTTAWA zone.
0:36 of 1st period - Robert Thomas is hit by Mark Borowiecki and loses puck.
1:31 of 1st period - Shot by Pierre Engvall.
1:31 of 1st period - Shot Blocked by Vince Dunn.
1:33 of 1st period - Shot by Jonas Siegenthaler.
1:33 of 1st period - Shot Misses the Net.
1:46 of 1st period - Icing by Mirco Mueller.
1:47 of 1st period - Henrik Borgstrom wins face-off versus Oskar Sundqvist in OTTAWA zone.
1:50 of 1st period - Shot by Henrik Borgstrom.
1:50 of 1st period - Goal by Henrik Borgstrom - PITTSBURGH : 1 - OTTAWA : 0.
1:51 of 1st period - Henrik Borgstrom wins face-off versus Marcus Johansson in neutral zone.
1:54 of 1st period - Michael Raffl is hit by Brian Boyle and loses puck.
2:03 of 1st period - Shot by Henrik Borgstrom.
2:03 of 1st period - Shot Misses the Net.
2:05 of 1st period - Shot by Kris Russell.
2:05 of 1st period - Goal by Kris Russell - PITTSBURGH : 2 - OTTAWA : 0.
2:06 of 1st period - Jack Eichel wins face-off versus Jujhar Khaira in neutral zone.
2:15 of 1st period - Shot by Michael Rasmussen.
2:15 of 1st period - Stopped by Philipp Grubauer without a rebound.
2:16 of 1st period - Marcus Johansson wins face-off versus Brett Howden in PITTSBURGH zone.
2:55 of 1st period - Shot by Marcus Johansson.
2:55 of 1st period - Stopped by Philipp Grubauer without a rebound.
2:56 of 1st period - Jack Eichel wins face-off versus Garnet Hathaway in PITTSBURGH zone.
3:03 of 1st period - Icing by Ryan Suter.
3:04 of 1st period - Garnet Hathaway wins face-off versus Jack Eichel in OTTAWA zone.
3:04 of 1st period - Yanni Gourde is hit by Andrei Svechnikov and loses puck.
3:54 of 1st period - Icing by Mark Borowiecki.
3:55 of 1st period - Garnet Hathaway wins face-off versus Robert Thomas in OTTAWA zone.
4:11 of 1st period - Robert Thomas is hit by Mark Borowiecki and loses puck.
4:19 of 1st period - Minor Penalty to Mark Borowiecki for Holding.
4:20 of 1st period - Jujhar Khaira wins face-off versus Jack Eichel in OTTAWA zone.
4:33 of 1st period - Shot by Jack Eichel.
4:33 of 1st period - Stopped by Laurent Brossoit with a rebound.
5:01 of 1st period - Kyle Okposo is hit by Brandon Tanev and loses puck.
7:27 of 1st period - Kyle Okposo is hit by Jamie Oleksiak and loses puck.
7:30 of 1st period - Shot by Marcus Johansson.
7:30 of 1st period - Shot Misses the Net.
7:32 of 1st period - Shot by Dmitry Kulikov.
7:32 of 1st period - Shot Misses the Net.
8:05 of 1st period - Shot by Nikita Gusev.
8:05 of 1st period - Shot Misses the Net.
8:13 of 1st period - Shot by Nikita Gusev.
8:13 of 1st period - Stopped by Philipp Grubauer without a rebound.
8:14 of 1st period - Garnet Hathaway wins face-off versus Robert Thomas in PITTSBURGH zone.
8:34 of 1st period - Shot by Jordan Eberle.
8:34 of 1st period - Shot Misses the Net.
9:25 of 1st period - Vince Dunn is hit by Danny DeKeyser and loses puck.
9:40 of 1st period - Shot by Oskar Sundqvist.
9:40 of 1st period - Shot Misses the Net.
9:42 of 1st period - Shot by Oskar Sundqvist.
9:42 of 1st period - Stopped by Philipp Grubauer without a rebound.
9:43 of 1st period - Marcus Johansson wins face-off versus Henrik Borgstrom in PITTSBURGH zone.
9:50 of 1st period - Shot by Marcus Johansson.
9:50 of 1st period - Shot Misses the Net.
9:59 of 1st period - Henrik Borgstrom is hit by Michal Kempny and loses puck.
10:27 of 1st period - Off-side.
10:28 of 1st period - Robert Thomas wins face-off versus Michael Rasmussen in neutral zone.
10:41 of 1st period - Shot by Nikita Gusev.
10:41 of 1st period - Deflect By Jujhar Khaira.
10:41 of 1st period - Stopped by Philipp Grubauer with a rebound.
10:43 of 1st period - Shot by Jujhar Khaira.
10:43 of 1st period - Shot Misses the Net.
10:45 of 1st period - Shot by Michael Rasmussen.
10:45 of 1st period - Stopped by Philipp Grubauer with a rebound.
11:17 of 1st period - Conor Garland is hit by Jordan Greenway and loses puck.
11:36 of 1st period - Shot by Conor Garland.
11:36 of 1st period - Stopped by Philipp Grubauer without a rebound.
11:37 of 1st period - Jack Eichel wins face-off versus Garnet Hathaway in PITTSBURGH zone.
11:48 of 1st period - Shot by Andrei Svechnikov.
11:48 of 1st period - Shot Misses the Net.
11:50 of 1st period - Shot by Jack Eichel.
11:50 of 1st period - Shot Blocked by Dmitry Kulikov.
12:55 of 1st period - Ryan Suter is hit by Marcus Sorensen and loses puck.
13:12 of 1st period - Shot by Kyle Okposo.
13:12 of 1st period - Stopped by Philipp Grubauer without a rebound.
13:13 of 1st period - Brian Boyle wins face-off versus Oskar Sundqvist in PITTSBURGH zone.
13:27 of 1st period - Andreas Johnsson is hit by Jamie Oleksiak.
13:38 of 1st period - Icing by Jamie Oleksiak.
13:39 of 1st period - Henrik Borgstrom wins face-off versus Michael Rasmussen in PITTSBURGH zone.
14:49 of 1st period - Cale Makar is hit by Jujhar Khaira and loses puck.
15:30 of 1st period - Shot by Andreas Johnsson.
15:30 of 1st period - Stopped by Philipp Grubauer without a rebound.
15:31 of 1st period - Garnet Hathaway wins face-off versus Brett Howden in PITTSBURGH zone.
15:46 of 1st period - Shot by Yanni Gourde.
15:46 of 1st period - Shot Misses the Net.
15:48 of 1st period - Shot by Garnet Hathaway.
15:48 of 1st period - Shot Misses the Net.
15:50 of 1st period - Shot by Garnet Hathaway.
15:50 of 1st period - Deflect By Jordan Eberle.
15:50 of 1st period - Stopped by Philipp Grubauer without a rebound.
15:51 of 1st period - Marcus Johansson wins face-off versus Jack Eichel in PITTSBURGH zone.
16:57 of 1st period - Off-side.
16:58 of 1st period - Oskar Sundqvist wins face-off versus Robert Thomas in neutral zone.
17:05 of 1st period - Shot by Conor Garland.
17:05 of 1st period - Shot Misses the Net.
17:08 of 1st period - Icing by Robert Thomas.
17:09 of 1st period - Robert Thomas wins face-off versus Michael Rasmussen in PITTSBURGH zone.
17:28 of 1st period - Shot by Cale Makar.
17:28 of 1st period - Stopped by Laurent Brossoit without a rebound.
17:29 of 1st period - Brett Howden wins face-off versus Oskar Sundqvist in OTTAWA zone.
17:36 of 1st period - Minor Penalty to Oskar Sundqvist for Cross-checking.
17:37 of 1st period - Andrei Svechnikov wins face-off versus Garnet Hathaway in OTTAWA zone.
18:07 of 1st period - Shot by Andrei Svechnikov.
18:07 of 1st period - Stopped by Laurent Brossoit without a rebound.
18:08 of 1st period - Jordan Greenway wins face-off versus Garnet Hathaway in OTTAWA zone.
18:09 of 1st period - Shot by Jamie Oleksiak.
18:09 of 1st period - Shot Misses the Net.
18:11 of 1st period - Shot by Nick Jensen.
18:11 of 1st period - Shot Blocked by Ryan Suter.
18:19 of 1st period - Shot by Robert Thomas.
18:19 of 1st period - Shot Misses the Net.
18:21 of 1st period - Shot by Nick Jensen.
18:21 of 1st period - Stopped by Laurent Brossoit without a rebound.
18:22 of 1st period - Nikita Gusev wins face-off versus Jack Eichel in OTTAWA zone.
18:22 of 1st period - Nikita Gusev is hit by Brandon Tanev.
18:52 of 1st period - Shot by Cale Makar.
18:52 of 1st period - Shot Misses the Net.
19:26 of 1st period - Shot by Nick Jensen.
19:26 of 1st period - Shot Misses the Net.
19:44 of 1st period - Shot by Conor Garland.
19:44 of 1st period - Stopped by Philipp Grubauer with a rebound.
Goals for this period are 2 for PITTSBURGH vs 0 for OTTAWA.
Shots for this period are 6 for PITTSBURGH vs 11 for OTTAWA.

2nd period


0:01 of 2nd period - Jordan Eberle wins face-off versus Jack Eichel in neutral zone.
0:04 of 2nd period - Shot by Jordan Eberle.
0:04 of 2nd period - Shot Misses the Net.
0:06 of 2nd period - Shot by Garnet Hathaway.
0:06 of 2nd period - Shot Blocked by Cale Makar.
0:08 of 2nd period - Shot by Yanni Gourde.
0:08 of 2nd period - Goal by Yanni Gourde - PITTSBURGH : 2 - OTTAWA : 1.
0:09 of 2nd period - Marcus Johansson wins face-off versus Robert Thomas in neutral zone.
1:23 of 2nd period - Minor Penalty to Mirco Mueller for Holding.
1:24 of 2nd period - Brandon Tanev wins face-off versus Garnet Hathaway in OTTAWA zone.
1:38 of 2nd period - Icing by Kris Russell.
1:39 of 2nd period - Garnet Hathaway wins face-off versus Jack Eichel in PITTSBURGH zone.
1:48 of 2nd period - Jordan Eberle is hit by Brandon Tanev and loses puck.
2:46 of 2nd period - Shot by Jamie Oleksiak.
2:46 of 2nd period - Stopped by Laurent Brossoit without a rebound.
2:47 of 2nd period - Nikita Gusev wins face-off versus Robert Thomas in OTTAWA zone.
2:56 of 2nd period - Shot by Jamie Oleksiak.
2:56 of 2nd period - Shot Misses the Net.
2:58 of 2nd period - Shot by Robert Thomas.
2:58 of 2nd period - Stopped by Laurent Brossoit without a rebound.
2:59 of 2nd period - Robert Thomas wins face-off versus Nikita Gusev in OTTAWA zone.
4:57 of 2nd period - Cale Makar is hit by Mark Borowiecki and loses puck.
5:22 of 2nd period - Shot by Andrei Svechnikov.
5:22 of 2nd period - Shot Misses the Net.
5:24 of 2nd period - Shot by Brandon Tanev.
5:24 of 2nd period - Deflect By Andrei Svechnikov.
5:24 of 2nd period - Stopped by Laurent Brossoit with a rebound.
5:26 of 2nd period - Shot by Nick Jensen.
5:26 of 2nd period - Stopped by Laurent Brossoit with a rebound.
5:41 of 2nd period - Shot by Andrei Svechnikov.
5:41 of 2nd period - Shot Misses the Net.
5:42 of 2nd period - Minor Penalty to Mark Borowiecki for Hooking.
5:43 of 2nd period - Jujhar Khaira wins face-off versus Robert Thomas in OTTAWA zone.
5:54 of 2nd period - Shot by Kris Russell.
5:54 of 2nd period - Stopped by Laurent Brossoit without a rebound.
5:55 of 2nd period - Robert Thomas wins face-off versus Garnet Hathaway in OTTAWA zone.
6:08 of 2nd period - Shot by Jamie Oleksiak.
6:08 of 2nd period - Stopped by Laurent Brossoit without a rebound.
6:09 of 2nd period - Nikita Gusev wins face-off versus Jack Eichel in OTTAWA zone.
6:09 of 2nd period - Nikita Gusev is hit by Brandon Tanev.
6:19 of 2nd period - Shot by Jack Eichel.
6:19 of 2nd period - Shot Blocked by Dmitry Kulikov.
6:41 of 2nd period - Shot by Nikita Gusev.
6:41 of 2nd period - Shot Misses the Net.
7:01 of 2nd period - Shot by Nick Jensen.
7:01 of 2nd period - Stopped by Laurent Brossoit with a rebound.
7:03 of 2nd period - Shot by Nick Jensen.
7:03 of 2nd period - Shot Misses the Net.
7:14 of 2nd period - Icing by Jordan Greenway.
7:15 of 2nd period - Robert Thomas wins face-off versus Garnet Hathaway in PITTSBURGH zone.
7:19 of 2nd period - Icing by Nick Jensen.
7:20 of 2nd period - Garnet Hathaway wins face-off versus Robert Thomas in PITTSBURGH zone.
7:23 of 2nd period - Shot by Garnet Hathaway.
7:23 of 2nd period - Stopped by Philipp Grubauer with a rebound.
7:25 of 2nd period - Shot by Garnet Hathaway.
7:25 of 2nd period - Stopped by Philipp Grubauer without a rebound.
7:26 of 2nd period - Garnet Hathaway wins face-off versus Jack Eichel in PITTSBURGH zone.
7:40 of 2nd period - Icing by Brandon Tanev.
7:41 of 2nd period - Garnet Hathaway wins face-off versus Jack Eichel in PITTSBURGH zone.
7:54 of 2nd period - Shot by Sam Gagner.
7:54 of 2nd period - Deflect By Robert Thomas.
7:54 of 2nd period - Shot Misses the Net.
8:12 of 2nd period - Shot by Sam Gagner.
8:12 of 2nd period - Shot Misses the Net.
8:14 of 2nd period - Shot by Jordan Greenway.
8:14 of 2nd period - Stopped by Laurent Brossoit with a rebound.
8:38 of 2nd period - Shot by Jack Eichel.
8:38 of 2nd period - Shot Misses the Net.
8:43 of 2nd period - Minor Penalty to Brandon Tanev for Slashing.
8:44 of 2nd period - Marcus Johansson wins face-off versus Andrei Svechnikov in PITTSBURGH zone.
9:37 of 2nd period - Shot by Ryan Suter.
9:37 of 2nd period - Stopped by Philipp Grubauer without a rebound.
9:38 of 2nd period - Pierre Engvall wins face-off versus Oskar Sundqvist in PITTSBURGH zone.
9:57 of 2nd period - Shot by Ryan Suter.
9:57 of 2nd period - Stopped by Philipp Grubauer without a rebound.
9:58 of 2nd period - Jack Eichel wins face-off versus Marcus Johansson in PITTSBURGH zone.
10:52 of 2nd period - Danny DeKeyser is hit by Dmitry Kulikov and loses puck.
11:04 of 2nd period - Brian Boyle is hit by Dmitry Kulikov.
11:10 of 2nd period - Shot by Troy Terry.
11:10 of 2nd period - Stopped by Laurent Brossoit with a rebound.
11:12 of 2nd period - Shot by Brian Boyle.
11:12 of 2nd period - Shot Misses the Net.
11:40 of 2nd period - Icing by Dmitry Kulikov.
11:41 of 2nd period - Brett Howden wins face-off versus Michael Rasmussen in OTTAWA zone.
12:02 of 2nd period - Marcus Sorensen is hit by Dmitry Kulikov.
12:13 of 2nd period - Icing by Cale Makar.
12:14 of 2nd period - Brett Howden wins face-off versus Jordan Eberle in PITTSBURGH zone.
12:39 of 2nd period - Shot by Yanni Gourde.
12:39 of 2nd period - Shot Misses the Net.
14:22 of 2nd period - Shot by Yanni Gourde.
14:22 of 2nd period - Stopped by Philipp Grubauer without a rebound.
14:23 of 2nd period - Michael Rasmussen wins face-off versus Robert Thomas in PITTSBURGH zone.
14:23 of 2nd period - Minor Penalty to Danny DeKeyser for Holding.
14:24 of 2nd period - Marcus Johansson wins face-off versus Pierre Engvall in PITTSBURGH zone.
15:02 of 2nd period - Off-side.
15:03 of 2nd period - Brett Howden wins face-off versus Oskar Sundqvist in neutral zone.
15:14 of 2nd period - Shot by Andreas Johnsson.
15:14 of 2nd period - Stopped by Philipp Grubauer with a rebound.
15:16 of 2nd period - Shot by Ryan Suter.
15:16 of 2nd period - Stopped by Philipp Grubauer without a rebound.
15:17 of 2nd period - Jack Eichel wins face-off versus Oskar Sundqvist in PITTSBURGH zone.
16:25 of 2nd period - Troy Terry is hit by Jujhar Khaira and loses puck.
16:30 of 2nd period - Jonas Siegenthaler is hit by Michael Rasmussen and loses puck.
17:15 of 2nd period - Shot by Andreas Johnsson.
17:15 of 2nd period - Stopped by Philipp Grubauer without a rebound.
17:16 of 2nd period - Robert Thomas wins face-off versus Marcus Johansson in PITTSBURGH zone.
17:31 of 2nd period - Icing by Nick Jensen.
17:32 of 2nd period - Garnet Hathaway wins face-off versus Jordan Greenway in PITTSBURGH zone.
17:32 of 2nd period - Garnet Hathaway is hit by Jamie Oleksiak.
18:08 of 2nd period - Icing by Kris Russell.
18:09 of 2nd period - Jack Eichel wins face-off versus Oskar Sundqvist in PITTSBURGH zone.
18:33 of 2nd period - Cale Makar is hit by Mark Borowiecki and loses puck.
18:44 of 2nd period - Shot by Andreas Johnsson.
18:44 of 2nd period - Stopped by Philipp Grubauer without a rebound.
18:45 of 2nd period - Brett Howden wins face-off versus Marcus Johansson in PITTSBURGH zone.
Goals for this period are 0 for PITTSBURGH vs 1 for OTTAWA.
Shots for this period are 9 for PITTSBURGH vs 10 for OTTAWA.

3rd period


0:01 of 3rd period - Jordan Eberle wins face-off versus Jack Eichel in neutral zone.
0:04 of 3rd period - Brandon Tanev is hit by Garnet Hathaway and loses puck.
0:36 of 3rd period - Shot by Jack Eichel.
0:36 of 3rd period - Stopped by Laurent Brossoit without a rebound.
0:37 of 3rd period - Jordan Greenway wins face-off versus Oskar Sundqvist in OTTAWA zone.
1:09 of 3rd period - Oskar Sundqvist is hit by Jordan Greenway and loses puck.
1:37 of 3rd period - Icing by Brett Howden.
1:38 of 3rd period - Brett Howden wins face-off versus Garnet Hathaway in PITTSBURGH zone.
1:42 of 3rd period - Minor Penalty to Marcus Sorensen for Tripping.
1:43 of 3rd period - Jack Eichel wins face-off versus Marcus Johansson in PITTSBURGH zone.
1:52 of 3rd period - Kris Russell is hit by Mark Borowiecki and loses puck.
2:44 of 3rd period - Icing by Ryan Suter.
2:45 of 3rd period - Jack Eichel wins face-off versus Oskar Sundqvist in OTTAWA zone.
3:00 of 3rd period - Ryan Suter is hit by Jamie Oleksiak and loses puck.
4:00 of 3rd period - Icing by Jonas Siegenthaler.
4:01 of 3rd period - Brett Howden wins face-off versus Michael Rasmussen in PITTSBURGH zone.
4:14 of 3rd period - Shot by Marcus Sorensen.
4:14 of 3rd period - Stopped by Laurent Brossoit without a rebound.
4:15 of 3rd period - Oskar Sundqvist wins face-off versus Henrik Borgstrom in OTTAWA zone.
4:30 of 3rd period - Shot by Oskar Sundqvist.
4:30 of 3rd period - Stopped by Philipp Grubauer without a rebound.
4:31 of 3rd period - Jack Eichel wins face-off versus Marcus Johansson in PITTSBURGH zone.
4:59 of 3rd period - Jack Eichel is hit by Michael Raffl and loses puck.
5:12 of 3rd period - Off-side.
5:13 of 3rd period - Garnet Hathaway wins face-off versus Robert Thomas in neutral zone.
5:36 of 3rd period - Icing by Cale Makar.
5:37 of 3rd period - Robert Thomas wins face-off versus Andreas Johnsson in PITTSBURGH zone.
5:37 of 3rd period - Sam Gagner is hit by Oskar Sundqvist and loses puck.
5:45 of 3rd period - Icing by Jordan Greenway.
5:46 of 3rd period - Robert Thomas wins face-off versus Oskar Sundqvist in PITTSBURGH zone.
6:26 of 3rd period - Ryan Suter is hit by Jamie Oleksiak and loses puck.
6:34 of 3rd period - Icing by Jamie Oleksiak.
6:35 of 3rd period - Andrei Svechnikov wins face-off versus Garnet Hathaway in PITTSBURGH zone.
6:45 of 3rd period - Icing by Michal Kempny.
6:46 of 3rd period - Brett Howden wins face-off versus Garnet Hathaway in OTTAWA zone.
6:57 of 3rd period - Shot by Marcus Sorensen.
6:57 of 3rd period - Shot Blocked by Michal Kempny.
10:16 of 3rd period - Shot by Troy Terry.
10:16 of 3rd period - Shot Misses the Net.
10:18 of 3rd period - Shot by Cale Makar.
10:18 of 3rd period - Stopped by Laurent Brossoit with a rebound.
10:20 of 3rd period - Shot by Cale Makar.
10:20 of 3rd period - Shot Misses the Net.
10:46 of 3rd period - Shot by Jack Eichel.
10:46 of 3rd period - Goal by Jack Eichel - PITTSBURGH : 3 - OTTAWA : 1.
10:47 of 3rd period - Michael Raffl wins face-off versus Jack Eichel in neutral zone.
10:58 of 3rd period - Brandon Tanev is hit by Kyle Okposo and loses puck.
11:09 of 3rd period - Shot by Jack Eichel.
11:09 of 3rd period - Goal by Jack Eichel - PITTSBURGH : 4 - OTTAWA : 1.
11:10 of 3rd period - Brian Boyle wins face-off versus Michael Rasmussen in neutral zone.
12:13 of 3rd period - Jonas Siegenthaler is hit by Garnet Hathaway and loses puck.
12:58 of 3rd period - Shot by Marcus Johansson.
12:58 of 3rd period - Shot Misses the Net.
13:09 of 3rd period - Off-side.
13:10 of 3rd period - Michael Rasmussen wins face-off versus Jack Eichel in neutral zone.
13:25 of 3rd period - Shot by Michael Rasmussen.
13:25 of 3rd period - Shot Misses the Net.
13:27 of 3rd period - Shot by Jujhar Khaira.
13:27 of 3rd period - Shot Blocked by Cale Makar.
14:00 of 3rd period - Shot by Jordan Eberle.
14:00 of 3rd period - Stopped by Philipp Grubauer without a rebound.
14:01 of 3rd period - Robert Thomas wins face-off versus Marcus Johansson in PITTSBURGH zone.
14:25 of 3rd period - Shot by Jordan Greenway.
14:25 of 3rd period - Shot Blocked by Michal Kempny.
14:56 of 3rd period - Off-side.
14:57 of 3rd period - Jordan Eberle wins face-off versus Pierre Engvall in neutral zone.
14:59 of 3rd period - Off-side.
15:00 of 3rd period - Garnet Hathaway wins face-off versus Brett Howden in neutral zone.
16:17 of 3rd period - Shot by Andrei Svechnikov.
16:17 of 3rd period - Shot Misses the Net.
16:22 of 3rd period - Brandon Tanev is hit by Mirco Mueller and loses puck.
16:31 of 3rd period - Shot by Jack Eichel.
16:31 of 3rd period - Stopped by Laurent Brossoit with a rebound.
17:42 of 3rd period - Shot by Nikita Gusev.
17:42 of 3rd period - Stopped by Philipp Grubauer without a rebound.
17:43 of 3rd period - Garnet Hathaway wins face-off versus Brett Howden in PITTSBURGH zone.
18:09 of 3rd period - Shot by Jordan Eberle.
18:09 of 3rd period - Stopped by Philipp Grubauer without a rebound.
18:10 of 3rd period - Nikita Gusev wins face-off versus Jack Eichel in PITTSBURGH zone.
18:10 of 3rd period - Jujhar Khaira is hit by Danny DeKeyser and loses puck.
18:13 of 3rd period - Shot by Michal Kempny.
18:13 of 3rd period - Stopped by Philipp Grubauer without a rebound.
18:14 of 3rd period - Jack Eichel wins face-off versus Marcus Johansson in PITTSBURGH zone.
18:19 of 3rd period - Vince Dunn is hit by Brandon Tanev and loses puck.
18:32 of 3rd period - Shot by Kyle Okposo.
18:32 of 3rd period - Goal by Kyle Okposo - PITTSBURGH : 4 - OTTAWA : 2.
18:33 of 3rd period - Garnet Hathaway wins face-off versus Robert Thomas in neutral zone.
18:33 of 3rd period - Garnet Hathaway is hit by Jordan Greenway.
18:36 of 3rd period - Ryan Suter is hit by Kris Russell and loses puck.
19:25 of 3rd period - Shot by Jamie Oleksiak.
19:25 of 3rd period - Stopped by Laurent Brossoit with a rebound.
19:35 of 3rd period - Shot by Jack Eichel.
19:35 of 3rd period - Shot Blocked by Mark Borowiecki.
19:37 of 3rd period - Shot by Jack Eichel.
19:37 of 3rd period - Deflect By Brandon Tanev.
19:37 of 3rd period - Goal by Brandon Tanev - PITTSBURGH : 5 - OTTAWA : 2.
19:38 of 3rd period - Oskar Sundqvist wins face-off versus Brett Howden in neutral zone.
Goals for this period are 3 for PITTSBURGH vs 1 for OTTAWA.
Shots for this period are 8 for PITTSBURGH vs 6 for OTTAWA.